 Dungeon Crawl Stone Soup version 0.31-a0-654-gbe3e110b4e (webtiles) character file.

Game seed: 12346119390042786888

356 LobsterGuardian the Grasshopper (level 6, -12/51 HPs)
             Began as a Draconian Warper on Aug 30, 2023.
             Mangled by a mummy (15 damage)
             ... in an ossuary.
             The game lasted 00:15:44 (3200 turns).

LobsterGuardian the Grasshopper (Draconian Warper)  Turns: 3200, Time: 00:15:45

Health: -12/51     AC:  6    Str: 13 (14) XL:     6   Next: 36%
Magic:  10/10      EV: 12    Int: 18 (19) God:
Gold:   213        SH:  0    Dex: 10 (12) Spells: 6/10 levels left

rFire   . . .        s - +0 hand axe
rCold   . . .        n - orb {mayhem}
rNeg    . . .        (body armour unavailable)
rPois   .            (helmet restricted)
rElec   .            h - scarf {harm}
rCorr   +            (no gloves)
SInv    .            (no boots)
Will    .....        (no amulet)
Stlth   +            j - ring of resist corrosion
HPRegen 0.28/turn    d - +6 ring of intelligence
MPRegen 0.12/turn

%: harm (+30% outgoing, +20% incoming), mayhem
@: lethally poisoned (-12 -> -15), attractive
A: AC +6, unfitting armour, cold-blooded
a: no special abilities


You were in an ossuary.
You visited 1 branch of the dungeon, and saw 4 of its levels.
You also visited: Ossuary.

You collected 213 gold pieces.

Inventory:

Hand Weapons
 a - a +1 spear
 s - a +0 hand axe (weapon)
Missiles
 c - 2 darts of dispersal
Armour
 h - a scarf of harm (worn)
 n - an orb of mayhem (worn)
Jewellery
 d - a +6 ring of intelligence (right hand)
 j - a ring of resist corrosion (left hand)
Wands
 m - a wand of charming (6)
Scrolls
 e - 2 scrolls of vulnerability
 g - 2 scrolls of fog
 i - a scroll of enchant armour
 k - 4 scrolls of enchant weapon
 l - a scroll of teleportation


   Skills:
 + Level 3.1 Fighting
 + Level 1.2(2.4) Axes
 - Level 3.4(3.5) Polearms
 * Level 2.5 Throwing
 + Level 3.1 Dodging
 + Level 1.0 Stealth
 + Level 2.8 Spellcasting
 + Level 3.8 Translocations


You had 6 spell levels left.
You knew the following spells:

 Your Spells              Type           Power      Damage    Failure   Level
a - Blink                 Tloc           32%        N/A       5%          2
b - Lesser Beckoning      Tloc           32%        N/A       5%          2

Your spell library contained the following spells:

 Spells                   Type           Power      Damage    Failure   Level
 Teleport Other           Tloc           16%        N/A       11%         3
 Manifold Assault         Tloc           16%        N/A       34%         4
 Ozocubu's Armour         Ice            2%         N/A       45%         3
 Vhi's Electric Charge    Tloc/Air       18%        N/A       58%         4
 Ozocubu's Refrigeration  Ice            1%         4d7       100%        7


Dungeon Overview and Level Annotations

Branches:
Dungeon (4/15)            Ossuary (1/1)
 Temple: D:4-7

Altars:
Dithmenos
Fedhas

Annotations:
D:3 Ijyb


Innate Abilities, Weirdness & Mutations

Your plain brown scales are hard. (AC +6)
You cannot fit into any form of body armour.
You are cold-blooded and may be slowed by cold attacks.


Message History

Unknown command.
Blink to where?
Press: ? - help, Dir - move target, p - scorpion
As you read the scroll of blinking, it crumbles to dust.
* * * LOW HITPOINT WARNING * * *
You feel very sick. The scorpion is attracted toward you.
You close the door.
* * * LOW HITPOINT WARNING * * *
You feel very sick.
You aren't carrying any potions.
Sorry, you're not good enough to have a special ability.
Unknown command.
* * * LOW HITPOINT WARNING * * *
You feel very sick.
You open the door.
* * * LOW HITPOINT WARNING * * *
You feel sick.
Press: ? - help, v - describe, . - travel, g - get item Item here: a scroll labelled ORENUCKAOJE.
The floor.
Blink to where?
Press: ? - help, Dir - move target
As you read the scroll of blinking, it crumbles to dust.
* * * LOW HITPOINT WARNING * * *
You feel sick. The mummy is attracted toward you.
Unknown command.
b - a scroll labelled ORENUCKAOJE
* * * LOW HITPOINT WARNING * * *
You feel sick. The mummy misses you.
Unknown command.
As you read the scroll labelled ORENUCKAOJE, it crumbles to dust.
It is a scroll of identify.
You don't currently have any unidentified items.
* * * LOW HITPOINT WARNING * * *
You feel sick.
Unknown command.
* * * LOW HITPOINT WARNING * * *
You feel sick. The mummy hits you!
You die...

#...8...'...#
#...#...#...#
##+###########'#######'##
#.....#.....#...#...#...#
#.....#.....'...#...8...#
#.....8.....#...#.......#
#...........######8...8##
#...........#?..#.......#
###8.....8###?@M#...8...#
#...........#?!!#...#...#
#.....§.....##'###'######
#.....8.§...#..(#...#...#
#.....#....s+..(#.∩.'.∩.#
#.....#.....#...#...#...#
#########################


You could see a mummy.

Vanquished Creatures
  An ogre (D:2)
  2 scorpions (Ossuary)
  A scorpion zombie (Ossuary)
  Robin (D:3)
  An adder (D:3)
  A worm (D:3)
  2 orcs (D:3)
  5 endoplasms
  3 giant cockroaches
  9 goblins
  9 hobgoblins
  3 jackals (D:1)
  2 quokkas (D:1)
  7 ball pythons
  3 bats (D:1)
  2 goblin zombies (Ossuary)
  8 kobolds
  An orc zombie (Ossuary)
  A quokka zombie (D:4)
  3 rats
  A rat zombie (D:4)
66 creatures vanquished.

Vanquished Creatures (collateral kills)
  A human zombie (Ossuary)
  A hobgoblin zombie (Ossuary)
  An orc zombie (Ossuary)
3 creatures vanquished.

Vanquished Creatures (others)
  A giant cockroach (D:3)
1 creature vanquished.

Grand Total: 70 creatures vanquished

Notes
Turn   | Place    | Note
-------+----------+-------------------------------------------
     0 | D:1      | LobsterGuardian the Draconian Warper began the quest for
                  | the Orb.
     0 | D:1      | Reached XP level 1. HP: 17/17 MP: 3/3
   104 | D:1      | Reached XP level 2. HP: 24/24 MP: 5/5
   591 | D:1      | Reached skill level 1 in Throwing
   964 | D:1      | Learned a level 2 spell: Blink
   992 | D:2      | Learned a level 2 spell: Lesser Beckoning
  1061 | D:2      | Reached XP level 3. HP: 30/30 MP: 6/6
  1570 | D:2      | Found a faded altar of an unknown god.
  1667 | D:3      | Noticed Robin
  1714 | D:3      | Noticed an ogre
  1818 | D:2      | Killed an ogre
  1819 | D:2      | Reached XP level 4. HP: 11/37 MP: 2/7
  1967 | D:3      | Found a blossoming altar of Fedhas.
  1970 | D:3      | Reached XP level 5. HP: 42/42 MP: 8/8
  2126 | D:3      | Killed Robin
  2221 | D:3      | Noticed Ijyb
  2574 | D:4      | Found a shadowy altar of Dithmenos.
  2702 | D:4      | Found a sand-covered staircase.
  2722 | Ossuary  | Entered an ossuary
  2888 | Ossuary  | Reached XP level 6. HP: 38/50 MP: 6/10
  3007 | Ossuary  | Reached skill level 1 in Axes
  3007 | Ossuary  | Reached skill level 1 in Stealth
  3200 | Ossuary  | Mangled by a mummy

Illustrated notes

Levels and vault maps discovered:
D:1:      dpeg_arrival_central, layout_loops_ring,
          minmay_misc_feat_secret_circle
D:2:      layout_basic, hellmonk_ecumenical_altar_run_dry
D:3:      layout_loops_cross, fedhas_altar_1, nicolae_overflow_crystal_walls,
          uniq_ijyb, uniq_robin
D:4:      layout_cave_pods, nemelex_spade_bored_becter,
          mainiacjoe_overflow_boulevard, mainiacjoe_overflow_small_starburst,
          enter_ossuary_4
Ossuary:  ossuary_minmay_scorpions

Skill      XL: |  1  2  3  4  5  6 |
---------------+-------------------+-----
Throwing       | 1 2 |  2.5
Polearms       | 3 |  3.4
Fighting       | 3 |  3.1
Axes           | 1 |  1.2
Dodging        | 3 |  3.1
Stealth        | 1 |  1.0
Spellcasting   | |  2.8
Translocations | |  3.8

Action                     |  1- 3 |  4- 6 || total
---------------------------+-------+-------++-------
  Melee: Spear             |   151 |    50 ||   201
         Tailslap          |    14 |    12 ||    26
         Hand axe          |       |    59 ||    59
         Unarmed           |       |     1 ||     1
  Throw: Boomerang         |    22 |       ||    22
         Javelin           |     4 |     5 ||     9
         Dart              |     4 |     1 ||     5
   Cast: Blink             |     9 |     7 ||    16
         Lesser Beckoning  |       |     1 ||     1
  Evoke: Wand              |     1 |     1 ||     2
    Use: Scroll            |     6 |     5 ||    11
         Potion            |     2 |     3 ||     5
   Stab: Distracted        |       |     2 ||     2
 Armour: Skin              |    39 |    32 ||    71
  Dodge: Dodged            |    72 |    59 ||   131

Table legend: (Time is in decaauts)
 A = Elapsed time spent in this place.
 B = Non-inter-level travel time spent in this place.
 C = Inter-level travel time spent in this place.
 D = Time resting spent in this place.
 E = Time spent auto-exploring this place.
 F = Levels seen in this place.
 G = Mean time per level.
                   A        B        C        D        E       F      G
               +--------+--------+--------+--------+--------+-----+--------+
         Total |   3187 |   2977 |    210 |     43 |   2172 |   5 |  637.4 |
       Dungeon |   2699 |   2489 |    210 |     43 |   1802 |   4 |  674.8 |
       Ossuary |    488 |    488 |      0 |      0 |    370 |   1 |  488.0 |
               +--------+--------+--------+--------+--------+-----+--------+

Top non-repeatable levels by time:
     D:1: 982 daAuts
     D:2: 979 daAuts
     D:3: 585 daAuts
 Ossuary: 488 daAuts
     D:4: 151 daAuts
